 Dungeon Crawl Stone Soup version 0.30.1-11-g7821555f0a (console) character file.

Game seed: 2993074014196871834

5441 JoeltCo the Magician (level 10, -3/76 HPs)
             Began as a Gnoll Venom Mage on Jan 9, 2024.
             Was an Initiate of Yredelemnul.
             Slain by a death yak (21 damage)
             ... on level 9 of the Dungeon.
             The game lasted 00:43:38 (8939 turns).

JoeltCo the Magician (Gnoll Venom Mage)             Turns: 8939, Time: 00:43:39

Health: -3/76      AC:  3    Str:  7    XL:     10   Next: 68%
Magic:  1/21       EV: 15    Int: 19    God:    Yredelemnul [......]
Gold:   599        SH:  0    Dex: 13    Spells: 14/24 levels left

rFire   . . .        w - +2 scythe (protect)
rCold   . . .        (shield currently unavailable)
rNeg    + . .        a - +1 robe
rPois   .            (no helmet)
rElec   .            (no cloak)
rCorr   +            (no gloves)
SInv    .            (no boots)
Will    .....        (no amulet)
Stlth   +++          e - ring of resist corrosion
HPRegen 0.32/turn    g - ring of positive energy
MPRegen 0.17/turn

%: no passive effects
@: about to teleport, marked, invisible
A: fangs 1, strong nose, distributed training
a: Renounce Religion, Recall Undead Harvest


You were on level 9 of the Dungeon.
You worshipped Yredelemnul.
Yredelemnul was noncommittal.
You visited 2 branches of the dungeon, and saw 10 of its levels.

You collected 599 gold pieces.

Inventory:

Hand Weapons
 w - a +2 scythe of protection (weapon)
Missiles
 c - 3 throwing nets
Armour
 a - a +1 robe (worn)
Jewellery
 e - a ring of resist corrosion (left hand)
 g - a ring of positive energy (right hand)
 u - a ring of fire
Wands
 f - a wand of quicksilver (16)
 j - a wand of flame (23)
 p - a wand of iceblast (4)
Scrolls
 d - a scroll of fear
 i - a scroll of magic mapping
 k - a scroll of fog
 m - 4 scrolls of identify
 q - 4 scrolls of vulnerability
 v - a scroll of teleportation
Potions
 h - 2 potions of brilliance
 o - a potion of cancellation
 r - 2 potions of attraction


   Skills:
 + Level 5.7 Fighting
 + Level 5.7 Short Blades
 + Level 5.7 Long Blades
 + Level 5.7 Axes
 + Level 5.7 Maces & Flails
 + Level 5.7 Polearms
 + Level 5.7 Staves
 + Level 5.7 Ranged Weapons
 + Level 5.7 Throwing
 + Level 5.7 Armour
 + Level 7.4 Dodging
 + Level 7.1 Stealth
 + Level 5.7 Shields
 + Level 5.7 Unarmed Combat
 + Level 7.7 Spellcasting
 + Level 4.7 Conjurations
 + Level 4.7 Hexes
 + Level 4.7 Summonings
 + Level 4.7 Necromancy
 + Level 4.7 Translocations
 + Level 5.2 Transmutations
 + Level 4.7 Fire Magic
 + Level 4.7 Ice Magic
 + Level 4.7 Air Magic
 + Level 4.7 Earth Magic
 + Level 7.3 Poison Magic
 + Level 6.2 Invocations
 + Level 5.7 Evocations


You had 14 spell levels left.
You knew the following spells:

 Your Spells              Type           Power      Damage    Failure   Level
a - Sting                 Tmut/Pois      100%       1d8       1%          1
b - Poisonous Vapours     Pois/Air       60%        N/A       1%          2
c - Mephitic Cloud        Conj/Pois/Air  28%        N/A       2%          3
d - Olgreb's Toxic Radia  Pois           35%        N/A       4%          4

Your spell library contained the following spells:

 Spells                   Type           Power      Damage    Failure   Level
 Magic Dart               Conj           100%       1d8       1%          1
 Searing Ray              Conj           50%        2d6       1%          2
 Call Canine Familiar     Summ           25%        N/A       4%          3
 Frozen Ramparts          Ice            50%        1d8       4%          3
 Portal Projectile        Hex/Tloc       50%        N/A       4%          3
 Tukima's Dance           Hex            25%        N/A       4%          3
 Ice Form                 Ice/Tmut       26%        N/A       12%         4
 Fulminant Prism          Conj/Hex       12%        3d9       14%         4
 Leda's Liquefaction      Hex/Erth       12%        N/A       14%         4
 Passage of Golubria      Tloc           25%        N/A       14%         4
 Summon Ice Beast         Ice/Summ       25%        N/A       14%         4
 Yara's Violent Unravell  Hex/Tmut       13%        3d7       32%         5
 Freezing Cloud           Conj/Ice/Air   12%        6-21      36%         5
 Discord                  Hex            12%        N/A       100%        8
 Ignition                 Fire           12%        3d6       100%        8


Dungeon Overview and Level Annotations

Branches:
Dungeon (9/15)             Temple (1/1) D:7
   Lair: D:8-11         Orc: D:9-12

Altars:
Ashenzari
Cheibriados
Dithmenos
Elyvilon
Fedhas
Kikubaaqudgha
Makhleb
Nemelex Xobeh
Okawaru
Qazlal
Ru
Sif Muna
Trog
Uskayaw
Wu Jian
Xom
Yredelemnul
Zin
The Shining One

Shops:
D:4 *   D:6 [

Annotations:
D:3 3 runed translucent doors, laqueoix's ghost, amateur HOFi
D:5 2 runed translucent doors, Crazy Yiuf


Innate Abilities, Weirdness & Mutations

You have very sharp teeth.
Your uncanny sense of smell can sniff out nearby items.
Your experience applies equally to all skills.


Message History

The acid dragon looks frightened!
The vampire is unaffected.
The yak looks frightened!
The acid dragon looks frightened!
The hornet looks frightened!
The death yak looks as sick as possible!
Your attack snaps the two-headed ogre out of its fear.
The two-headed ogre looks even sicker.
Your attack snaps the yak out of its fear.
The yak looks even sicker.
Your attack snaps the hornet out of its fear.
Your toxic aura wanes.
An orc wizard comes into view. It is wielding a +0 dagger.
The death yak gores you.
* * * LOW HITPOINT WARNING * * *
The yak gores your killer bee zombie! The vampire hits your yak zombie!
The vampire bites your yak zombie.
Your killer bee zombie hits the two-headed ogre.
A bullfrog comes into view.
Your yak zombie gores the vampire!
Unknown command.
Unknown command.
Okay, then.
You feel much better.
Your killer bee zombie hits the two-headed ogre.
The orc wizard hits your yak zombie with a +0 dagger.
Cornered, the acid dragon turns to fight!
The yak gores your killer bee zombie!
Your killer bee zombie is destroyed!
The death yak closely misses you. The vampire hits your yak zombie!
Your yak zombie is destroyed!
A two-headed ogre comes into view. It is wielding two +0 giant clubs.
You fade into invisibility!
The acid dragon closely misses you. The acid dragon barely misses you.
The death yak gores you!
* * * LOW HITPOINT WARNING * * *
Okay, then.
As you read the scroll of teleportation, it crumbles to dust.
You feel strangely unstable.
The yak looks more healthy.
The death yak gores you!!
You die...
Your body rises from the dead as a mindless zombie.

∆∆ #.# #.###
..... #.#.#V#
#.#.#Y# #.#.#.#
#####.#<#Y#
#......##.#####
#...#...#.YVyF
#..Y#####YY#
#..OOD@YYo.#
##########.# #


You could see 3 death yaks, 2 two-headed ogres, 2 yaks, a hornet (unable to see
you, poisoned), a vampire, an acid dragon (unable to see you), a bullfrog
(unable to see you) and an orc wizard (unable to see you).

Vanquished Creatures
  Joseph (D:7)
  A wyvern (D:8)
  Sigmund (D:6)
  9 yaks
  Eustachio (D:5)
  A vampire mosquito (D:5)
  3 water moccasins
  A black bear (D:6)
  An ice beast (D:6)
  An orc warrior (D:7)
  3 ogres
  2 phantoms (D:5)
  2 kobold brigands
  A gnoll sergeant (D:7)
  A bullfrog (D:8)
  12 scorpions
  4 killer bees
  2 orc priests
  2 gnoll boudas
  4 hounds
  A jelly (D:7)
  3 iguanas
  A sleepcap (D:5)
  2 hell rats (D:9)
  2 orc wizards (D:8)
  A howler monkey zombie (D:3)
  11 gnolls
  8 adders
  A river rat (D:9)
  2 shadow imps
  4 worms
  9 orcs
  7 ball pythons
  5 bats
  6 endoplasms
  3 giant cockroaches
  5 goblins
  8 hobgoblins
  16 kobolds
  7 quokkas
  A ball python zombie (D:3)
  6 frilled lizards
  A giant cockroach zombie (D:3)
  4 rats
  2 butterflies (D:5)
169 creatures vanquished.

Vanquished Creatures (collateral kills)
  2 yaks (D:8)
  A gnoll (D:8)
3 creatures vanquished.

Vanquished Creatures (others)
  An orc warrior (D:9)
  A yak zombie (D:9)
  A bullfrog zombie (D:8)
  2 killer bee zombies (D:9)
  2 hell rat zombies (D:9)
  A quokka zombie (D:9)
  A river rat zombie (D:9)
9 creatures vanquished.

Grand Total: 181 creatures vanquished

Notes
Turn   | Place    | Note
-------+----------+-------------------------------------------
     0 | D:1      | JoeltCo the Gnoll Venom Mage began the quest for the Orb.
     0 | D:1      | Reached XP level 1. HP: 13/13 MP: 6/6
   156 | D:1      | Reached XP level 2. HP: 16/19 MP: 2/7
   549 | D:1      | Learned a level 2 spell: Poisonous Vapours
   974 | D:1      | Reached skill level 5 in Spellcasting
   974 | D:1      | Reached XP level 3. HP: 25/25 MP: 7/9
   992 | D:1      | You fall into a shaft and drop 1 floor!
  1165 | D:1      | Learned a level 3 spell: Mephitic Cloud
  1527 | D:2      | Reached skill level 1 in Invocations
  1636 | D:2      | Reached skill level 1 in Fighting
  1636 | D:2      | Reached skill level 1 in Short Blades
  1636 | D:2      | Reached skill level 1 in Long Blades
  1636 | D:2      | Reached skill level 1 in Axes
  1636 | D:2      | Reached skill level 1 in Maces & Flails
  1636 | D:2      | Reached skill level 1 in Polearms
  1636 | D:2      | Reached skill level 1 in Staves
  1636 | D:2      | Reached skill level 1 in Ranged Weapons
  1636 | D:2      | Reached skill level 1 in Throwing
  1636 | D:2      | Reached skill level 1 in Armour
  1636 | D:2      | Reached skill level 1 in Shields
  1636 | D:2      | Reached skill level 1 in Unarmed Combat
  1636 | D:2      | Reached skill level 1 in Evocations
  1647 | D:2      | Reached XP level 4. HP: 7/32 MP: 1/11
  1659 | D:2      | Learned a level 4 spell: Olgreb's Toxic Radiance
  1877 | D:2      | Reached skill level 1 in Conjurations
  1877 | D:2      | Reached skill level 1 in Hexes
  1877 | D:2      | Reached skill level 1 in Summonings
  1877 | D:2      | Reached skill level 1 in Necromancy
  1877 | D:2      | Reached skill level 1 in Translocations
  1877 | D:2      | Reached skill level 1 in Fire Magic
  1877 | D:2      | Reached skill level 1 in Ice Magic
  1877 | D:2      | Reached skill level 1 in Air Magic
  1877 | D:2      | Reached skill level 1 in Earth Magic
  2392 | D:3      | Found a bloodstained altar of Trog.
  2806 | D:3      | Found a runed translucent gate.
  2806 | D:3      | Found a runed translucent gate.
  2806 | D:3      | Found a runed translucent gate.
  2809 | D:3      | Noticed laqueoix's ghost (amateur HOFi)
  2830 | D:3      | Identified the +8 mace of Pimaejad {venom, Will+}
  3086 | D:4      | Reached XP level 5. HP: 31/37 MP: 2/12
  3463 | D:4      | Found Zin's Purification Station.
  3466 | D:4      | Found a glowing silver altar of Zin.
  3618 | D:5      | Entered Level 5 of the Dungeon
  3625 | D:5      | Reached XP level 6. HP: 44/44 MP: 8/13
  3637 | D:5      | Reached skill level 5 in Dodging
  3748 | D:5      | Noticed a water moccasin
  3751 | D:5      | Killed a water moccasin
  3752 | D:5      | Reached XP level 7. HP: 51/51 MP: 15/15
  4068 | D:5      | Found a runed translucent door.
  4070 | D:5      | Found a runed translucent door.
  4070 | D:5      | Noticed a vampire mosquito
  4116 | D:5      | Reached skill level 5 in Stealth
  4445 | D:5      | Noticed Eustachio
  4463 | D:5      | Killed Eustachio
  4464 | D:5      | Reached XP level 8. HP: 58/58 MP: 7/16
  4654 | D:5      | Found a runed translucent door.
  4655 | D:5      | Noticed Crazy Yiuf
  4893 | D:5      | Found a snail-covered altar of Cheibriados.
  4893 | D:5      | Found a white marble altar of Elyvilon.
  5147 | D:6      | Reached XP level 9. HP: 65/65 MP: 8/18
  5151 | D:6      | Learned a level 2 spell: Poisonous Vapours
  5224 | D:6      | Noticed Sigmund
  5241 | D:6      | Killed Sigmund
  5729 | D:6      | Found an ancient bone altar of Kikubaaqudgha.
  5814 | D:6      | Found Fifem's Armour Emporium.
  5955 | D:6      | Found a sparkling altar of Nemelex Xobeh.
  6585 | D:7      | Reached skill level 5 in Invocations
  6907 | D:7      | Found a shimmering blue altar of Sif Muna.
  6965 | D:7      | Noticed Joseph
  6975 | D:7      | Killed Joseph
  7143 | D:7      | Found a staircase to the Ecumenical Temple.
  7643 | D:7      | Found a burning altar of Makhleb.
  7726 | Temple   | Entered the Ecumenical Temple
  7805 | Temple   | Became a worshipper of Yredelemnul the Dark
  7850 | D:8      | Reached skill level 5 in Fighting
  7850 | D:8      | Reached skill level 5 in Short Blades
  7850 | D:8      | Reached skill level 5 in Long Blades
  7850 | D:8      | Reached skill level 5 in Axes
  7850 | D:8      | Reached skill level 5 in Maces & Flails
  7850 | D:8      | Reached skill level 5 in Polearms
  7850 | D:8      | Reached skill level 5 in Staves
  7850 | D:8      | Reached skill level 5 in Ranged Weapons
  7850 | D:8      | Reached skill level 5 in Throwing
  7850 | D:8      | Reached skill level 5 in Armour
  7850 | D:8      | Reached skill level 5 in Shields
  7850 | D:8      | Reached skill level 5 in Unarmed Combat
  7850 | D:8      | Reached skill level 5 in Evocations
  7850 | D:8      | Reached XP level 10. HP: 74/74 MP: 12/20
  8032 | D:8      | Reached * piety under Yredelemnul
  8231 | D:8      | Reached ** piety under Yredelemnul
  8232 | D:8      | Reached *** piety under Yredelemnul
  8234 | D:8      | Reached skill level 5 in Transmutations
  8690 | D:8      | Reached **** piety under Yredelemnul
  8921 | D:9      | Noticed a death yak
  8926 | D:9      | Noticed a death yak
  8932 | D:9      | Noticed a two-headed ogre
  8934 | D:9      | Noticed a death yak
  8937 | D:9      | Noticed a two-headed ogre
  8939 | D:9      | Slain by a death yak

Illustrated notes

Levels and vault maps discovered:
D:1:      lemuel_arrival_cross, layout_loops_corners
D:2:      layout_rooms, serial_forest, infiniplex_forest_diagonal,
          infiniplex_forest_end_double, infiniplex_forest_corner_1,
          infiniplex_forest_lined_room_2
D:3:      layout_rooms, amcnicky_altar_gilded, serial_undead, serial_undead_a,
          serial_undead_d, serial_undead_c, serial_undead_f,
          biasface_ghost_orc_armoury
D:4:      layout_cave_pools, zin_purify, minivault_11, minmay_misc_feat_five
D:5:      lemuel_insect_pit, layout_cave_pools,
          gammafunk_temple_overflow_elements, corner_web_ring,
          hangedman_decor_riveting, uniq_crazy_yiuf_cottage, uniq_eustachio
D:6:      layout_basic, mainiacjoe_overflow_concentric_impassable,
          mainiacjoe_overflow_paths, serial_shops, kennysheep_mini_moat,
          uniq_sigmund
D:7:      layout_loops_corners, lemuel_round_altar, marbit_many_paths,
          minmay_temple_entry_mini_moons, uniq_joseph
D:8:      nicolae_cairo_tiling_very_big, layout_cave_pods
D:9:      layout_basic, dpeg_lair_monsters, minmay_shattered_shrine
Temple:   nicolae_temple_ecumenical_triangle

Skill      XL: |  1  2  3  4  5  6  7  8  9 10 |
---------------+-------------------------------+-----
Transmutations | 2 3 4 5 |  5.2
Spellcasting   | 5 6 7 |  7.7
Invocations    | 1 2 3 4 5 6 |  6.2
Fighting       | 1 2 3 5 |  5.7
Short Blades   | 1 2 3 5 |  5.7
Long Blades    | 1 2 3 5 |  5.7
Axes           | 1 2 3 5 |  5.7
Maces & Flails | 1 2 3 5 |  5.7
Polearms       | 1 2 3 5 |  5.7
Staves         | 1 2 3 5 |  5.7
Ranged Weapons | 1 2 3 5 |  5.7
Throwing       | 1 2 3 5 |  5.7
Armour         | 1 2 3 5 |  5.7
Shields        | 1 2 3 5 |  5.7
Unarmed Combat | 1 2 3 5 |  5.7
Evocations     | 1 2 3 5 |  5.7
Conjurations   | 1 2 3 4 |  4.7
Hexes          | 1 2 3 4 |  4.7
Summonings     | 1 2 3 4 |  4.7
Necromancy     | 1 2 3 4 |  4.7
Translocations | 1 2 3 4 |  4.7
Fire Magic     | 1 2 3 4 |  4.7
Ice Magic      | 1 2 3 4 |  4.7
Air Magic      | 1 2 3 4 |  4.7
Earth Magic    | 1 2 3 4 |  4.7
Dodging        | 5 6 7 |  7.4
Stealth        | 5 6 7 |  7.1
Poison Magic   | 6 7 |  7.3

Action                     |  1- 3 |  4- 6 |  7- 9 | 10-12 || total
---------------------------+-------+-------+-------+-------++-------
  Melee: Dagger            |    24 |    33 |    71 |       ||   128
         Bite              |     3 |     2 |    16 |     3 ||    24
         Punch             |       |       |     1 |       ||     1
         Halberd           |       |       |    63 |    33 ||    96
   Fire: Sling             |       |    87 |    49 |       ||   136
   Cast: Sting             |    34 |    10 |     3 |       ||    47
         Poisonous Vapours |    12 |    23 |       |       ||    35
         Olgreb's Toxic Ra |       |     6 |    32 |    14 ||    52
         Mephitic Cloud    |       |       |     6 |       ||     6
  Evoke: Wand              |       |     3 |     6 |       ||     9
    Use: Scroll            |     9 |     5 |     6 |     2 ||    22
         Potion            |       |     2 |     9 |     3 ||    14
   Stab: Sleeping          |     1 |     1 |     1 |     1 ||     4
         Confused          |       |       |     1 |       ||     1
         Invisible         |       |       |     1 |       ||     1
         Distracted        |       |       |       |     1 ||     1
 Armour: Robe              |     4 |     6 |    19 |     9 ||    38
  Dodge: Dodged            |    28 |    52 |    95 |    35 ||   210
